 Dungeon Crawl Stone Soup version 0.25-a0-869-g05d4e06a41 (webtiles) character file.

Game seed: 16472612300604539200, levelgen mode: deterministic

248 Maedhros the Insei (level 6, -2/42 HPs)
             Began as an Octopode Chaos Knight on May 1, 2020.
             Was a Plaything of Xom.
             Shot with an arrow by a centaur (14 damage)
             ... on level 5 of the Dungeon.
             The game lasted 00:04:22 (878 turns).

Maedhros the Insei (Octopode Chaos Knight)           Turns: 878, Time: 00:04:22

Health: -2/42      AC:  1    Str: 12    XL:     6   Next: 12%
Magic:  6/6        EV: 13    Int: 14    God:    Xom [...*..]
Gold:   145        SH:  0    Dex: 13    Spells: 5/5 levels left

rFire    . . .     SeeInvis .     - Unarmed
rCold    . . .     Gourm    .   (no shield)
rNeg     . . .     Faith    .   (helmet restricted)
rPois    .         Spirit   .   (no amulet)
rElec    .         Reflect  .   (no ring)
rCorr    .         Harm     .   (no ring)
MR       .....                  (no ring)
Stlth    ++........             (no ring)
HPRegen  0.14/turn              (no ring)
MPRegen  0.10/turn              (no ring)
                                (no ring)
                                (no ring)

@: hasted, very quick
A: almost no armour, stealthy swim, amphibious, 8 rings, constrict 8, camouflage
1, gelatinous body 1
a: Renounce Religion


You were on level 5 of the Dungeon.
You worshipped Xom.
You were a favourite toy of Xom.
You were not hungry.

You visited 1 branch of the dungeon, and saw 6 of its levels.

You collected 145 gold pieces.

Inventory:

Hand Weapons
 g - a +0 hunting sling
Missiles
 h - 33 sling bullets
 l - 7 poisoned darts (quivered)
Wands
 j - a wand of clouds (5)
Scrolls
 b - a scroll of fog {unknown}
 c - a scroll of magic mapping {unknown}
 e - a scroll of identify {unknown}
 f - a scroll of teleportation {unknown}
 i - a scroll of remove curse {unknown}
 m - a scroll of immolation {unknown}
Potions
 k - a potion of stabbing
Comestibles
 a - a ration


   Skills:
 - Level 3.0 Fighting
 - Level 2.3 Dodging
 + Level 6.6 Unarmed Combat


You had 5 spell levels left.
You didn't know any spells.
Your spell library was empty.

Dungeon Overview and Level Annotations

Branches:
Dungeon (6/15)
 Temple: D:4-7

Altars:
Ashenzari


Innate Abilities, Weirdness & Mutations

You cannot wear most types of armour.
You are very stealthy in the water. (Stealth+)
You are amphibious.
You can wear up to eight rings at the same time.
You can use your tentacles to constrict eight enemies at once.
Your skin changes colour to match your surroundings (Stealth+).
Your rubbery body absorbs attacks. (AC +1, EV +1)


Message History

You throw a poisoned dart. The poisoned dart hits the ogre.
The ogre is poisoned.
Throwing (i - inventory)
l - 8 poisoned darts (quivered)
Press: ? - help, Shift-Dir - straight line, f/p - ogre
Aim: an ogre, wielding a +0 giant club (poisoned)
You throw a poisoned dart.
The poisoned dart hits the ogre. "The weather's been a little too boring around here."
The area is suffused with divine lightning!
The blast of lightning engulfs the ogre!!!
The ogre dies!
You hear a shout! x2
A centaur opens the door.
The centaur wields a shortbow.
The centaur shoots an arrow.
The arrow hits you!
* * * LOW HITPOINT WARNING * * *
You see here an arrow.
You are too injured to fight recklessly!
You are too injured to fight recklessly!
You feel yourself speed up.
The centaur shoots an arrow.
The arrow hits you!
You die...
Xom roars with laughter!

##. ###.. ## ....
#. ..#
######.###(.#
#......<.(..# #
#.####..§§§####..
#..§l.....#
#..§@§....#
..c'.........#
####.........#
#.........#
#......$..#
###########


You could see a centaur and a leopard gecko.

Vanquished Creatures
  Edmund (D:4)
  A crimson imp (D:6)
  An orc priest (D:3)
  Robin (D:2)
  An adder (D:2)
  A worm (D:2)
  A leopard gecko (D:1)
  An orc (D:3)
  A giant cockroach (D:1)
  6 goblins (D:2)
  6 hobgoblins (D:2)
  6 jackals
  A quokka (D:2)
  2 bats (D:2)
  2 frilled lizards
  7 kobolds
  4 rats
43 creatures vanquished.

Vanquished Creatures (others)
  An ogre (D:5)
1 creature vanquished.

Grand Total: 44 creatures vanquished

Notes
Turn   | Place    | Note
-------+----------+-------------------------------------------
     0 | D:1      | Maedhros the Octopode Chaos Knight began the quest for the
                  | Orb.
     0 | D:1      | Reached XP level 1. HP: 16/16 MP: 1/1
    79 | D:2      | You fall into a shaft and drop 1 floor!
    82 | D:3      | Found a shattered altar of Ashenzari.
   116 | D:2      | XOM: potion effect (brilliance)
   124 | D:2      | Reached XP level 2. HP: 19/21 MP: 2/2
   148 | D:2      | XOM: divination: detect creatures
   227 | D:2      | Noticed Robin
   238 | D:2      | Reached skill level 4 in Unarmed Combat
   245 | D:2      | Killed Robin
   245 | D:2      | Reached XP level 3. HP: 17/26 MP: 3/3
   460 | D:2      | XOM: silly message
   478 | D:2      | Reached XP level 4. HP: 18/31 MP: 4/4
   546 | D:3      | XOM: silly message
   591 | D:3      | XOM: butterfly on damage
   608 | D:3      | Reached skill level 5 in Unarmed Combat
   672 | D:5      | Entered Level 5 of the Dungeon
   684 | D:6      | XOM: enchant monster (good)
   689 | D:6      | Reached XP level 5. HP: 21/36 MP: 5/5
   697 | D:6      | HP: 1/36 [wight/cursed +5 mace of freezing (4)]
   703 | D:6      | XOM: potion effect (brilliance)
   767 | D:4      | Noticed Edmund
   810 | D:4      | XOM: divination: detect items
   816 | D:4      | XOM: cast spell 'Metabolic Englaciation'
   821 | D:4      | XOM: noise
   822 | D:4      | XOM: potion effect (heal wounds)
   831 | D:4      | Killed Edmund
   831 | D:4      | Reached skill level 6 in Unarmed Combat
   831 | D:4      | Reached XP level 6. HP: 16/42 MP: 6/6
   874 | D:5      | XOM: fog
   876 | D:5      | XOM: divine lightning
   878 | D:5      | Shot with an arrow by a centaur

Levels and vault maps discovered:
D:1:      dpeg_arrival_simpleton_a, layout_loops_corners
D:2:      layout_loops_cross, uniq_robin
D:3:      cheibrodos_helix_gallery, layout_rooms, marbit_many_paths,
          first_ration, nicolae_ashenzari_panopticon
D:4:      layout_cave_pools, serial_shops, shop, uniq_edmund
D:5:      layout_basic, cheibrodos_sewer_entry_bend, hangedman_decor_push,
          nicolae_qazlal_style_of_elements
D:6:      layout_basic, kennysheep_mini, lemuel_doored_altar,
          ebering_ghost_sewer_d, enter_ossuary_3, uniq_crazy_yiuf_cottage

Skill      XL: |  1  2  3  4  5 |
---------------+----------------+-----
Unarmed Combat | 4 5 6 |  6.6
Fighting       | |  3.0
Dodging        | |  2.3

Action                   |  1- 3 |  4- 6 || total
-------------------------+-------+-------++-------
Melee: Unarmed           |    73 |    33 ||   106
       Constrict         |    20 |    10 ||    30
       Tentacles         |     8 |     7 ||    15
       Punch             |     2 |     1 ||     3
Throw: Dart              |       |    11 ||    11
  Use: Potion            |     1 |     5 ||     6
 Stab: Sleeping          |     2 |       ||     2
       Paralysed         |       |     2 ||     2
Armor: Skin              |     5 |     1 ||     6
Dodge: Dodged            |    47 |    12 ||    59

Table legend:
 A = Non-vault XP
 B = Vault XP
 C = Vault XP percentage of total XP
 D = Non-vault monster count
 E = Vault monster count
 F = Vault count percentage of total count
                 A         B        C        D         E       F
            +---------+---------+-------+---------+---------+-------
      Total |     160 |     195 |  54.9 |      34 |      10 |  22.7
            +---------+---------+-------+---------+---------+-------
        D:1 |      12 |       0 |   0.0 |       8 |       0 |   0.0
        D:2 |      46 |      31 |  40.3 |      18 |       9 |  33.3
        D:3 |      45 |       0 |   0.0 |       3 |       0 |   0.0
        D:4 |       5 |     164 |  97.0 |       3 |       1 |  25.0
        D:5 |       4 |       0 |   0.0 |       1 |       0 |   0.0
        D:6 |      48 |       0 |   0.0 |       1 |       0 |   0.0
            +---------+---------+-------+---------+---------+-------
